 Dungeon Crawl Stone Soup version 0.28-a0-1613-gdaab1c2f9b (webtiles) character file.

Game seed: 3724812850431837965

373 jlumianski the Chopper (level 6, -5/53 HPs)
             Began as a Hill Orc Fighter on Jan 22, 2022.
             Splashed by a jelly's acid (9 damage)
             ... on level 4 of the Dungeon.
             The game lasted 00:09:54 (3234 turns).

jlumianski the Chopper (Hill Orc Fighter)           Turns: 3234, Time: 00:09:55

Health: -5/53      AC: -3    Str: 21    XL:     6   Next: 72%
Magic:  6/6        EV:  9    Int:  8    God:
Gold:   128        SH:  0    Dex: 10    Spells: 5/5 levels left

rFire   . . .      SeeInvis .   a - +0 war axe
rCold   . . .      Faith    .   c - +0 buckler
rNeg    . . .      Spirit   .   b - +0 scale mail
rPois   .          Reflect  .   n - +0 helmet
rElec   .          Harm     .   (no cloak)
rCorr   .          Rampage  .   (no gloves)
Will    .....                   (no boots)
Stlth   ..........              (no amulet)
HPRegen 0.17/turn               (no ring)
MPRegen 0.10/turn               (no ring)

@: confused, ambrosia-drunk, corroded
A: no striking features
a: no special abilities


You were on level 4 of the Dungeon.
You visited 1 branch of the dungeon, and saw 5 of its levels.

You collected 128 gold pieces.

Inventory:

Hand Weapons
 a - a +0 war axe (weapon)
Missiles
 e - 73 stones (quivered)
 j - a throwing net
Armour
 b - a +0 scale mail (worn)
 c - a +0 buckler (worn)
 m - a +0 plate armour
 n - a +0 helmet (worn)
Scrolls
 g - a scroll of teleportation
Potions
 d - a potion of might
 h - a potion of invisibility {unknown}
 k - a potion of curing


   Skills:
 + Level 4.7 Fighting
 + Level 6.3 Axes
 + Level 0.1 Throwing
 + Level 4.8 Armour
 + Level 1.1 Dodging
 + Level 0.8 Stealth
 + Level 3.7 Shields


You had 5 spell levels left.
You didn't know any spells.
Your spell library contained the following spells:

 Spells                   Type           Power      Damage    Failure   Level
 Call Canine Familiar     Summ           0%         N/A       99%         3
 Portal Projectile        Hex/Tloc       0%         N/A       99%         3
 Leda's Liquefaction      Hex/Erth       0%         N/A       100%        4


Dungeon Overview and Level Annotations

Branches:
Dungeon (5/15)
 Temple: D:4-7

Altars:


Message History

Unknown command.
You climb downwards.
The dart slug completely misses you.
There is a stone staircase leading up, spattered with blood here.
You slash the dart slug!
The dart slug is almost dead.
The dart slug launches a dart at you. The slug dart misses you.
You slash the dart slug!
You kill the dart slug!
A jelly comes into view.
The jelly quivers.
You hit the jelly.
Your hands burn!
The jelly is lightly wounded.
The jelly hits you. The acid corrodes you!
You are splashed with acid!
The jelly hits you.
You are splashed with acid!
You hit the jelly but do no damage.
Your hands burn!
The jelly is lightly wounded.
The jelly closely misses you.
You slash the jelly! The acid corrodes you!
Your hands burn!
The jelly is severely wounded.
The jelly completely misses you.
You hit the jelly but do no damage.
Your hands burn!
The jelly is severely wounded.
The jelly closely misses you.
You barely miss the jelly.
The jelly is severely wounded.
The jelly misses you.
You hit the jelly but do no damage.
Your hands burn!
The jelly is severely wounded.
You block the jelly's attack. The jelly hits you.
You are splashed with acid!
* * * LOW HITPOINT WARNING * * *
The jelly hits you.
* * * LOW HITPOINT WARNING * * *
The acid corrodes you!
You are splashed with acid!
* * * LOW HITPOINT WARNING * * *
You are confused.
You feel invigorated. The jelly hits you.
* * * LOW HITPOINT WARNING * * *
The acid corrodes you!
You are splashed with acid!
You die...

######### ........#
#######.# #.# #.#
#.# #.# #.# #.#
#.#### #.# #....#
#J# #....####@#
########.......#.###
..)..........)..>..#
######..#...####.#.#
#.#..#...# #.#<#
#....#...# ##..#
#.#.###### ####
#...# ###.#


You could see a jelly.

Vanquished Creatures
  A yak (D:3)
  A centaur skeleton (D:5)
  A hound (D:3)
  Jessica (D:2)
  5 adders
  4 gnolls
  A worm (D:2)
  3 dart slugs
  An orc (D:4)
  6 ball pythons
  3 bats
  6 endoplasms
  2 giant cockroaches (D:1)
  6 goblins
  3 hobgoblins
  3 jackals (D:2)
  10 kobolds
  3 quokkas
  2 frilled lizards (D:2)
  3 rats
65 creatures vanquished.

Notes
Turn   | Place    | Note
-------+----------+-------------------------------------------
     0 | D:1      | jlumianski the Hill Orc Fighter began the quest for the
                  | Orb.
     0 | D:1      | Reached XP level 1. HP: 19/19 MP: 1/1
   206 | D:2      | Reached XP level 2. HP: 22/27 MP: 2/2
   285 | D:3      | Reached skill level 3 in Axes
   705 | D:1      | Reached XP level 3. HP: 28/33 MP: 3/3
  1295 | D:1      | Found a faded altar of an unknown god.
  1387 | D:2      | Noticed Jessica
  1399 | D:2      | Killed Jessica
  1400 | D:2      | Reached skill level 4 in Axes
  1400 | D:2      | Reached XP level 4. HP: 28/40 MP: 4/4
  1691 | D:2      | Reached XP level 5. HP: 43/46 MP: 5/5
  2392 | D:3      | Reached skill level 5 in Axes
  2531 | D:5      | Entered Level 5 of the Dungeon
  2621 | D:4      | Noticed a yak
  2660 | D:3      | Reached skill level 1 in Dodging
  2660 | D:3      | Reached XP level 6. HP: 44/53 MP: 6/6
  3048 | D:3      | Killed a yak
  3049 | D:3      | Reached skill level 6 in Axes
  3227 | D:4      | HP: 1/53 [acid (8)]
  3234 | D:4      | Splashed by a jelly's acid

Illustrated notes

Levels and vault maps discovered:
D:1:      dpeg_arrival_renting, layout_loops_corners,
          nicolae_ecumenical_snake_handling
D:2:      layout_basic, bh_walls_and_bars, uniq_jessica
D:3:      layout_basic, minmay_hedge_maze
D:4:      layout_basic, grunt_temple_overflow_octagram,
          mainiacjoe_overflow_alcove_4, temple_statues, minmay_manual_macuahuitl
D:5:      layout_loops_ring, hangedman_decor_diamond_cutter

Skill      XL: |  1  2  3  4  5  6 |
---------------+-------------------+-----
Axes           | 3 4 5 6 |  6.3
Fighting       | 4 |  4.7
Armour         | 4 |  4.8
Dodging        | 1 |  1.1
Throwing       | |  0.1
Stealth        | |  0.8
Shields        | |  3.7

Action                   |  1- 3 |  4- 6 || total
-------------------------+-------+-------++-------
Melee: War axe           |    64 |   133 ||   197
Throw: Stone             |     7 |     6 ||    13
  Use: Scroll            |       |     4 ||     4
       Potion            |       |     2 ||     2
Armor: Scale mail        |    33 |    74 ||   107
Dodge: Dodged            |    37 |    72 ||   109
Block: Buckler           |    15 |    29 ||    44

Table legend: (Time is in decaauts)
 A = Elapsed time spent in this place.
 B = Non-inter-level travel time spent in this place.
 C = Inter-level travel time spent in this place.
 D = Time resting spent in this place.
 E = Time spent auto-exploring this place.
 F = Levels seen in this place.
 G = Mean time per level.
                   A        B        C        D        E       F      G
               +--------+--------+--------+--------+--------+-----+--------+
         Total |   3310 |   3277 |     33 |    641 |   1509 |   5 |  662.0 |
       Dungeon |   3310 |   3277 |     33 |    641 |   1509 |   5 |  662.0 |
               +--------+--------+--------+--------+--------+-----+--------+

Top non-repeatable levels by time:
     D:2: 1150 daAuts
     D:3: 1023 daAuts
     D:1: 904 daAuts
     D:4: 198 daAuts
     D:5: 33 daAuts
